AoeStats
← Guará

Arena

508994652Analyzed
4v4 RM · 9d ago on Sep 25, 2026· 83m 23s· 8 players
Game mode
Random Map
Map size
Large (8 player)
Population
200
Speed
Normal
Resources
Standard
Victory
Conquest
Starting age
Dark Age
Ending age
Imperial Age
RankedLock teamsTeams togetherTeam positionsShared explorationLock speedFull tech treeHidden civsTurbo modeCheats
Victory
Defeat
🇺🇸 Saracens · United States
890
+16
🇦🇷 Mongols · Argentina
869
+17
🇧🇷 Britons · Brazil
842
+18
🇵🇪 Goths · Peru
842
+18
🇺🇸 Celts · United States
932
-19
🇺🇸 Japanese · United States
916
-18
🇺🇸 Turks · United States
889
-17
🇺🇸 Britons · United States
826
-15
nicocaraza
0:33 Loom
13:11 Feudal Age
13:45 Horse Collar
13:52 Double-Bit Axe
21:51 Castle Age
25:55 Pikeman
28:23 Gold Mining
28:47 Bow Saw
33:45 Imperial Age
32:02 Fletching
32:13 Padded Archer Armor
31:49 Crossbowman
33:26 Bodkin Arrow
33:47 Leather Archer Armor
34:02 Thumb Ring
35:50 Chemistry
35:49 Bracer
35:47 Arbalester
48:23 Light Cavalry
49:13 Bloodlines
49:04 Husbandry
49:22 Forging
49:13 Scale Mail Armor
48:35 Elite Skirmisher
50:43 Iron Casting
57:11 Hussar
Ratchet08
10:50 Feudal Age
18:18 Castle Age
16:33 Fletching
18:12 Double-Bit Axe
20:11 Bow Saw
19:27 Crossbowman
20:57 Wheelbarrow
23:51 Horse Collar
24:24 Thumb Ring
27:12 Bodkin Arrow
27:17 Padded Archer Armor
27:52 Hand Cart
27:25 Loom
32:53 Imperial Age
30:30 Town Watch
31:22 Ballistics
31:28 Leather Archer Armor
31:38 Town Patrol
32:18 Fortified Wall
32:37 Heavy Plow
33:33 Forging
33:29 Scale Barding Armor
34:58 Two-Man Saw
34:25 Conscription
34:34 Arbalester
35:30 Bloodlines
34:42 Light Cavalry
35:26 Husbandry
37:07 Siege Engineers
36:39 Hussar
39:04 Chemistry
40:01 Iron Casting
39:46 Chain Barding Armor
42:51 Blast Furnace
42:28 Plate Barding Armor
44:02 Ring Archer Armor
43:33 Bracer
49:02 Plate Barding Armor
48:32 Bracer
49:03 Ring Archer Armor
Guará
10:21 Feudal Age
11:03 Double-Bit Axe
12:10 Horse Collar
13:43 Wheelbarrow
18:43 Castle Age
19:19 Stone Mining
19:22 Gold Mining
20:13 Hand Cart
20:52 Heavy Plow
20:56 Padded Archer Armor
20:46 Fletching
24:46 Bow Saw
27:00 Leather Archer Armor
26:41 Bodkin Arrow
28:03 Bodkin Arrow
30:49 Loom
30:50 Town Watch
31:46 Yeomen
36:34 Imperial Age
34:06 Town Patrol
38:41 Chemistry
38:02 Ballistics
37:53 Masonry
37:46 Onager
41:39 Ring Archer Armor
41:10 Bracer
41:59 Elite Longbowman
56:31 Two-Man Saw
Chocolate Nestle
3:42 Loom
14:57 Feudal Age
15:34 Horse Collar
19:23 Castle Age
17:24 Double-Bit Axe
17:31 Gold Mining
18:19 Stone Mining
19:11 Forging
21:00 Heavy Plow
27:02 Imperial Age
25:53 Squires
26:39 Anarchy
26:48 Scale Mail Armor
28:39 Wheelbarrow
28:54 Bow Saw
29:37 Conscription
30:16 Hand Cart
32:28 Perfusion
33:58 Town Watch
37:20 Two-Man Saw
38:01 Iron Casting
37:43 Chain Mail Armor
38:22 Elite Huskarl
46:49 Blast Furnace
49:41 Town Patrol
57:13 Crop Rotation
57:26 Capped Ram
73:02 Caravan
Cobra Car
10:41 Feudal Age
12:48 Loom
15:38 Castle Age
16:49 Double-Bit Axe
19:02 Horse Collar
21:01 Bow Saw
21:18 Heavy Plow
23:16 Wheelbarrow
24:14 Forging
24:08 Arson
24:24 Squires
24:28 Scale Mail Armor
26:31 Chain Mail Armor
31:17 Imperial Age
32:42 Man-at-Arms
33:08 Gambesons
34:45 Kataparuto
34:27 Long Swordsman
37:59 Two-Man Saw
37:36 Iron Casting
37:32 Plate Mail Armor
36:25 Two-Handed Swordsman
38:03 Hand Cart
37:27 Champion
43:34 Blast Furnace
59:01 Caravan
60:08 Elite Samurai
martinjohn
10:05 Feudal Age
12:00 Wheelbarrow
11:32 Double-Bit Axe
17:26 Castle Age
16:42 Stone Mining
21:21 Forging
21:15 Man-at-Arms
22:22 Long Swordsman
24:23 Hand Cart
27:33 Bow Saw
27:55 Horse Collar
28:19 Gold Mining
29:45 Gold Shaft Mining
29:24 Scale Mail Armor
33:21 Imperial Age
34:14 Iron Casting
33:40 Gambesons
34:49 Chain Mail Armor
34:42 Fletching
34:15 Two-Handed Swordsman
35:28 Heavy Plow
37:08 Blast Furnace
37:45 Plate Mail Armor
billculviner
5:27 Loom
10:19 Feudal Age
10:57 Double-Bit Axe
14:44 Wheelbarrow
14:12 Horse Collar
19:39 Castle Age
18:00 Fletching
18:32 Padded Archer Armor
21:43 Bow Saw
21:12 Crossbowman
22:21 Bodkin Arrow
22:43 Leather Archer Armor
24:54 Heavy Plow
28:07 Ballistics
30:44 Hand Cart
30:18 Town Watch
31:37 Yeomen
32:33 Masonry
32:05 Treadmill Crane
33:02 Caravan
33:33 Coinage
38:07 Imperial Age
39:46 Conscription
39:38 Bracer
40:11 Ring Archer Armor
40:13 Architecture
40:24 Capped Ram
41:17 Elite Longbowman
45:30 Chemistry
44:36 Siege Engineers
47:32 Hoardings
52:39 Town Patrol
53:19 Warwolf
62:27 Banking
61:44 Elite Skirmisher
75:51 Husbandry
78:01 Forging
77:56 Scale Barding Armor
77:46 Light Cavalry
79:23 Iron Casting
79:20 Conscription
80:19 Pikeman
80:59 Squires
81:17 Halberdier
83:14 Blast Furnace
82:18 Scale Mail Armor
kevinmcgill59
12:20 Feudal Age
10:44 Loom
12:59 Horse Collar
13:07 Double-Bit Axe
18:50 Castle Age
19:28 Gold Mining
19:30 Stone Mining
20:50 Wheelbarrow
23:47 Heavy Plow
24:01 Bow Saw
24:48 Gold Shaft Mining
27:50 Hand Cart
28:11 Masonry
29:51 Ballistics
29:31 Fletching
29:42 Padded Archer Armor
33:29 Imperial Age
31:39 Bodkin Arrow
31:59 Leather Archer Armor
34:45 Conscription
33:49 Elite Janissary
35:06 Ring Archer Armor
35:41 Bracer
36:16 Architecture
43:23 Artillery
60:38 Murder Holes
61:23 Hoardings
61:38 Scale Barding Armor
61:44 Forging
64:07 Bloodlines
63:20 Cavalier
64:00 Husbandry
65:09 Chain Barding Armor
65:26 Iron Casting
70:04 Blast Furnace
69:40 Plate Barding Armor
82:14 Two-Man Saw
Connection lost

Rejoining the realm…

Still unreachable

The connection could not be restored.

Session expired

The server has moved on; the page needs a fresh start.